 Dungeon Crawl Stone Soup version 0.31-a0-486-g8d68a81214 (webtiles) character file.

Game seed: 135931048082095643

595 javelincjr the Changeling (level 7, -1/46 HPs)
             Began as an Octopode Shapeshifter on Aug 7, 2023.
             Slain by Duvessa
             ... wielding a +0 short sword
              (9 damage)
             ... on level 5 of the Dungeon.
             The game lasted 00:10:02 (3325 turns).

javelincjr the Changeling (Octopode Shapeshifter)   Turns: 3325, Time: 00:10:03

Health: -1/46      AC:  8    Str: 17    XL:     7   Next: 40%
Magic:  7/7        EV: 14    Int: 10    God:
Gold:   268        SH:  0    Dex: 12    Spells: 6/6 levels left

rFire   + . .        v - +2 dire flail (protect)
rCold   x . .        (shield currently unavailable)
rNeg    . . .        (helmet currently unavailable)
rPois   .            (no amulet)
rElec   .            h - ring of fire
rCorr   .            (no ring)
SInv    .            (no ring)
Will    .....        (no ring)
Stlth   +++          (no ring)
HPRegen 0.27/turn    (no ring)
MPRegen 0.10/turn    (no ring)
                     (no ring)

%: no passive effects
@: beast-form, under a protective aura
A: beast (slay +3), almost no armour, amphibious, 8 rings, camouflage 1,
gelatinous body 1, (nimble swimmer 1), tentacles
a: Begin Untransformation


You were on level 5 of the Dungeon.
You were a hulking beast.
You visited 1 branch of the dungeon, and saw 5 of its levels.

You collected 268 gold pieces.

Inventory:

Hand Weapons
 g - a +0 whip of draining
 k - a +3 short sword
 o - a +0 spectral club
 u - a +2 falchion of holy wrath
 v - a +2 dire flail of protection (weapon)
Missiles
 c - 7 poisoned darts (quivered)
 p - a boomerang
Jewellery
 h - a ring of fire (left tentacle)
Talismans
 b - a beast talisman (active)
Wands
 n - a wand of flame (34)
 q - a wand of mindburst (20)
Scrolls
 f - 2 scrolls of identify
 i - a scroll of immolation
 j - 2 scrolls of vulnerability {unknown}
 r - a scroll of silence {unknown}
 s - a scroll of enchant weapon {unknown}
 t - a scroll of blinking {unknown}
Potions
 a - 3 potions of lignification
 d - 2 potions of heal wounds {unknown}
 e - 2 potions of curing
 l - a potion of attraction {unknown}
 m - a potion of ambrosia {unknown}
 w - a potion of haste {unknown}


   Skills:
 + Level 3.0 Fighting
 + Level 1.5 Maces & Flails
 + Level 3.6 Dodging
 + Level 4.0 Stealth
 + Level 4.2 Unarmed Combat
 * Level 4.6 Shapeshifting


You had 6 spell levels left.
You didn't know any spells.
Your spell library contained the following spells:

 Spells                   Type           Power      Damage    Failure   Level
 Wereblood                Tmut           0%         N/A       50%         2
 Irradiate                Conj/Tmut      0%         3d11      100%        5
 Chain Lightning          Conj/Air       0%         N/A       100%        9
 Fire Storm               Conj/Fire      0%         5d1       100%        9
 Shatter                  Erth           0%         3d5*      100%        9


Dungeon Overview and Level Annotations

Branches:
Dungeon (5/15)
 Temple: D:4-7

Altars:

Shops:
D:1 [

Annotations:
D:5 Duvessa


Innate Abilities, Weirdness & Mutations

You are a hulking beast.
Your limbs bulge with bestial killing power. (Slay +3)
You cannot wear most types of armour.
You are amphibious.
You can wear up to eight rings at the same time.
Your skin changes colour to match your surroundings (Stealth+).
Your rubbery body absorbs attacks. (AC +1, EV +1)
((You are camouflaged when in or above water. (Stealth+)))
You have tentacles for arms and can constrict up to eight enemies at once.


Message History

You constrict Duvessa, but do no damage.
You constrict Dowan. Dowan barely misses you. Duvessa barely misses you.
You hit Duvessa.
Duvessa is lightly wounded.
You constrict Duvessa, but do no damage.
You constrict Dowan. Dowan casts a spell at you. The puff of flame misses you.
Duvessa hits you but does no damage. Duvessa barely misses you.
Dowan casts a spell at you. The puff of flame misses you.
You closely miss the orc. You grab the orc.
You constrict Duvessa, but do no damage.
You constrict Dowan.
You constrict the orc, but do no damage.
Dowan misses you. Duvessa misses you. The orc hits you with a +0 dagger.
You sock the orc!
You kill the orc!
You constrict Duvessa, but do no damage.
You constrict Dowan.
You kill Dowan!
Duvessa screams, "No!
How DARE you!"
Duvessa goes berserk!
Duvessa barely misses you. Duvessa hits you with a +0 short sword!
Your Fighting skill increases to level 3!
Your Stealth skill increases to level 4!
You hit Duvessa.
Duvessa is moderately wounded.
You constrict Duvessa! Duvessa hits you with a +0 short sword!
You puncture Duvessa!
Duvessa is heavily wounded.
You constrict Duvessa. Duvessa closely misses you.
Duvessa hits you with a +0 short sword!
* * * LOW HITPOINT WARNING * * *
You hit Duvessa but do no damage.
Duvessa is heavily wounded.
You constrict Duvessa. Duvessa hits you with a +0 short sword.
* * * LOW HITPOINT WARNING * * *
Duvessa hits you with a +0 short sword!
You die...

....##...##
..#.......####
..#.......#..####
......#.#.......#
......####......#
#.....##.#.....###
..........#.##...##
.##........>......#
..#.....##.##...h##
...........##.#))e.#
........... #.#....#
........<.. .........
...........####...#...
..###.... ....#...#
......... ..... ..#
......... ##.... .##
.........


You could see Duvessa (berserk).

Vanquished Creatures
  Menkaure (D:5)
  A phantom (D:5)
  Blork the orc (D:5)
  Dowan (D:5)
  A hound (D:4)
  Jessica (D:3)
  An orc wizard (D:3)
  An iguana (D:4)
  4 gnolls (D:5)
  6 adders
  A dart slug (D:4)
  8 orcs
  6 endoplasms
  2 giant cockroaches
  13 goblins
  8 hobgoblins
  5 jackals
  5 quokkas
  8 ball pythons
  2 bats (D:2)
  6 frilled lizards
  6 kobolds
  7 rats
95 creatures vanquished.

Notes
Turn   | Place    | Note
-------+----------+-------------------------------------------
     0 | D:1      | javelincjr the Octopode Shapeshifter began the quest for
                  | the Orb.
     0 | D:1      | Reached XP level 1. HP: 13/13 MP: 1/1
    66 | D:1      | Found Tuet's Antique Armour Shoppe.
   217 | D:1      | Reached XP level 2. HP: 18/18 MP: 2/2
   437 | D:1      | Reached skill level 1 in Stealth
   785 | D:1      | Reached XP level 3. HP: 23/23 MP: 3/3
  1150 | D:2      | Reached XP level 4. HP: 17/28 MP: 4/4
  1551 | D:3      | Noticed Jessica
  1561 | D:3      | Killed Jessica
  1600 | D:3      | Reached XP level 5. HP: 19/34 MP: 5/5
  2434 | D:4      | Reached XP level 6. HP: 40/40 MP: 6/6
  2843 | D:5      | Entered Level 5 of the Dungeon
  2862 | D:5      | Noticed Menkaure
  2876 | D:5      | Killed Menkaure
  2983 | D:5      | Noticed Blork the orc
  3137 | D:5      | Killed Blork the orc
  3138 | D:5      | Reached skill level 1 in Maces & Flails
  3138 | D:5      | Reached XP level 7. HP: 12/45 MP: 7/7
  3313 | D:5      | Noticed Dowan
  3314 | D:5      | Noticed Duvessa
  3322 | D:5      | Killed Dowan
  3325 | D:5      | Slain by Duvessa

Illustrated notes

Levels and vault maps discovered:
D:1:      nzn_arrival_settlement, layout_basic, serial_shops, shop
D:2:      layout_rooms, serial_curves, eino_curves_02, eino_curves_03
D:3:      layout_basic, nicolae_titane, uniq_jessica
D:4:      layout_basic
D:5:      layout_cave_pools, grunt_temple_overflow_open, serial_shops, shop,
          uniq_ijyb, uniq_blork_the_orc, uniq_duvessa, uniq_menkaure

Skill      XL: |  1  2  3  4  5  6  7 |
---------------+----------------------+-----
Stealth        | 1 2 3 4 |  4.0
Fighting       | 2 3 |  3.0
Dodging        | 3 |  3.6
Shapeshifting  | 4 |  4.6
Unarmed Combat | 4 |  4.2
Maces & Flails | 1 |  1.5

Action                     |  1- 3 |  4- 6 |  7- 9 || total
---------------------------+-------+-------+-------++-------
  Melee: Unarmed           |    28 |       |       ||    28
         Tentacles         |    17 |    22 |       ||    39
         Constrict         |    20 |    27 |     3 ||    50
         Whip              |    34 |    18 |       ||    52
         Punch             |     1 |     3 |     1 ||     5
         Club              |       |    70 |       ||    70
         Dire flail        |       |       |    11 ||    11
  Throw: Dart              |       |     1 |       ||     1
    Use: Scroll            |       |     5 |       ||     5
   Stab: Sleeping          |     8 |     9 |       ||    17
 Armour: Skin              |     7 |     8 |     2 ||    17
  Dodge: Dodged            |    32 |    53 |    12 ||    97

Table legend: (Time is in decaauts)
 A = Elapsed time spent in this place.
 B = Non-inter-level travel time spent in this place.
 C = Inter-level travel time spent in this place.
 D = Time resting spent in this place.
 E = Time spent auto-exploring this place.
 F = Levels seen in this place.
 G = Mean time per level.
                   A        B        C        D        E       F      G
               +--------+--------+--------+--------+--------+-----+--------+
         Total |   3349 |   3243 |    106 |    396 |   2207 |   5 |  669.8 |
       Dungeon |   3349 |   3243 |    106 |    396 |   2207 |   5 |  669.8 |
               +--------+--------+--------+--------+--------+-----+--------+

Top non-repeatable levels by time:
     D:1: 981 daAuts
     D:3: 772 daAuts
     D:4: 711 daAuts
     D:2: 518 daAuts
     D:5: 365 daAuts
